[Event "*** Titled Tuesday Blitz"]
[Site "Chess.com"]
[Date "2018.01.02"]
[Round "9"]
[White "Maitreia"]
[Black "mokerslag"]
[Result "0-1"]
[WhiteElo "2530"]
[BlackElo "2373"]
[TimeControl "180+2"]
[EndTime "15:03:12 PST"]
[Termination "mokerslag won on time"]

1. c4 Nf6 2. g3 g6 3. Bg2 Bg7 4. Nf3 O-O 5. O-O d6 6. Nc3 Nc6 7. Rb1 a6 8. b4 Rb8 9. a4 a5 10. b5 Nb4 11. Ba3 c5 12. bxc6 bxc6 13. Na2 c5 14.
Nc1 Bd7 15. d3 Qe8 16. Bxb4 Bxa4 17. Qd2 axb4 18. Nb3 Ra8 19. h4 Bc6 20. Ra1 Qd7 21. Nxc5 dxc5 22. Ne5 Rxa1 23. Nxd7 Rxf1+ 24. Kxf1 Bxg2+ 25. Kxg2 Nxd7 26. e3 Bc3 27. Qc2 Ra8 28. Qb1 Ne5 29.
d4 cxd4 30. Qe4 Ra5 31. exd4 Nxc4 32. Qxe7 Ra8 33. h5 Bxd4 34. Qxb4 Rc8 35. Qb7 Rd8 36. Qc7 Rd6 37. hxg6 hxg6 38. Qxc4 Bf6 39. Qf4 Re6 40. Qb4 Kg7 41. f4 Be7 42. Qd4+ Bf6 43. Qc4 Rd6 44. Qc5 Rd2+ 45. Kf3 Rd3+ 46. Kg2 Rd2+ 47. Kh3 Rd3 48. Qb5 Rc3 49. Qa5 Rd3 50.
Kg2 Rc3 51. g4 Rc2+ 52. Kf3 Rc3+ 53. Ke4 Rc4+ 54. Ke3 Rc3+ 55. Kd2 Rg3 56. g5 Bc3+ 57. Qxc3+ Rxc3 58. Kxc3 f6 59. Kd4 Kf7 60. Kd5 Ke7 61.
Kd4 Ke6 62. Ke4 f5+ 63. Ke3 Kd7 64. Kd4 Kd6 65. Kc4 Kc6 66. Kc3 Kc5 67. Kd3 Kd5 68. Ke3 Kc4 0-1

[Event "*** Titled Tuesday Blitz"]
[Site "Chess.com"]
[Date "2018.01.02"]
[Round "9"]
[White "Incognito_Knight"]
[Black "jbj"]
[Result "1/2-1/2"]
[WhiteElo "2540"]
[BlackElo "2336"]
[TimeControl "180+2"]
[EndTime "15:03:46 PST"]
[Termination "Game drawn - insufficient material"]

1. e4 d6 2. d4 Nf6 3. Nc3 e5 4.
Nf3 Nbd7 5. Bc4 Be7 6. O-O O-O 7.
Re1 a6 8. a4 b6 9. Bg5 Bb7 10.
Bxf6 Bxf6 11. d5 Be7 12. a5 b5 13. Bf1 f5 14. Nd2 fxe4 15. Ndxe4 Qe8 16. Qg4 Nf6 17. Nxf6+ Bxf6 18. Bd3 Bc8 19. Qe4 Qh5 20. Ne2 Bh4 21. Ng3 Bxg3 22. hxg3 Bf5 23. Qe3 Bxd3 24. cxd3 Rf6 25.
Rac1 Rh6 26. f3 Qf7 27. Rc6 Rg6 28. Kf2 Qxd5 29. Rxc7 Rf8 30. Rec1 h5 31. Rc8 Rf6 32. R1c7 Rxc8 33. Rxc8+ Rf8 34. Rxf8+ Kxf8 35. Ke2 Qb3 36. Qc1 Kg8 37. Ke3 Kh7 38. f4 Qd5 39. Qc2 Qd4+ 40. Ke2 exf4 41. gxf4 Qxf4 42. Qc6 Qe5+ 43. Kf3 Qf6+ 44.
Ke3 Qxb2 45. Qxa6 Qe5+ 46. Kf3 Qd5+ 47. Ke3 Qc5+ 48. d4 Qg5+ 49. Kd3 Qg3+ 50. Ke4 Qxg2+ 51. Ke3 Qg5+ 52. Kd3 Qg3+ 53. Ke4 Qg2+ 54. Ke3 Qh3+ 55.
Ke4 Qe6+ 56. Kd3 Qc4+ 57. Ke3 Qe6+ 58. Kd3 Qf5+ 59. Kc3 h4 60. Qxd6 h3 61. a6 Qf3+ 62. Kb4 Qg2 63. a7 h2 64. a8=Q h1=Q 65. Qxg2 Qxg2 66. Kxb5 g5 67. d5 g4 68. Qe7+ Kg6 69. d6 Qd5+ 70. Kb6 Qd4+ 71. Kc6 Qa4+ 72. Kc5 Qa3+ 73. Kd4 Qa1+ 74. Ke3 Qe1+ 75. Kf4 Qxe7 76. dxe7 Kf7 77. e8=Q+ Kxe8 78. Kxg4 1/2-1/2

[Event "*** Titled Tuesday Blitz"]
[Site "Chess.com"]
[Date "2018.01.02"]
[Round "9"]
[White "Robert_Chessmood"]
[Black "Superfelix"]
[Result "1-0"]
[WhiteElo "2721"]
[BlackElo "2350"]
[TimeControl "180+2"]
[EndTime "15:04:05 PST"]
[Termination "Robert_Chessmood won by resignation"]

1. e4 c6 2. d4 g6 3. Nc3 d5 4. Nf3 dxe4 5. Nxe4 Nf6 6. Bd3 Bg7 7. O-O O-O 8. Re1 a5 9. Bg5 Na6 10. Qd2 Nb4 11. Bf1 Bf5 12. Bxf6 exf6 13. c3 Nd5 14.
Bd3 b6 15. Re2 Qc7 16. Ng3 Bxd3 17. Qxd3 Nf4 18. Qc2 Nxe2+ 19. Nxe2 Rfe8 20. g3 Bh6 21. Nc1 c5 22. dxc5 Qxc5 23. Nb3 Qd5 24. Nbd4 Rad8 25. a4 Bg7 26. Qb3 Qxb3 27. Nxb3 Re2 28. Rb1 f5 29.
Nbd4 Re4 30. Ra1 h6 31. Ra3 g5 32. Nxf5 Re2 33. Rb3 g4 34. N3d4 Re1+ 35. Kg2 Bxd4 36. cxd4 Rd5 37. Nxh6+ Kg7 38. Nxg4 Rxd4 39. Ne3 Rxa4 40.
Rxb6 Rb4 41. Nf5+ Kh7 42. Rh6+ Kg8 43. Ra6 Rxb2 44. Rxa5 Ree2 45. Nh6+ Kh7 46. Ng4 Kg6 47. h4 f5 48. Ne5+ Kf6 49. Nd3 Rbd2 50. Kf3 Re4 51.
Nf4 Rb2 52. Ra6+ Kf7 53. Ra7+ Ke8 54. h5 Rb3+ 55. Kg2 Rb6 56. Kf3 Rb3+ 57. Kg2 Rb6 58. Ra5 Rf6 59. Kf3 Rb4 60. Nd5 Rb3+ 61. Kf4 Rd6 62.
Ne3 Rf6 63. Rxf5 Re6 64. Ra5 Rb4+ 65. Kf3 Rf6+ 66. Kg2 Rb2 67. Rf5 Rc6 68. g4 Rb4 69. Kg3 Rc3 70. Re5+ Kf7 71. g5 Rb1 72. g6+ Kf6 73.
Rf5+ Kg7 74. Kf4 Rb4+ 75. Kg5 Rb7 76. h6+ Kg8 77. Ng4 Rc1 78. Nf6+ Kh8 79. g7+ Rxg7+ 80. hxg7+ Kxg7 81. Nh5+ Kh8 82. Nf6 Kg7 83. Ng4 Rg1 84. f4 Rb1 85. Rd5 Rb7 86. Ne5 Ra7 87. Rd7+ 1-0

[Event "*** Titled Tuesday Blitz"]
[Site "Chess.com"]
[Date "2018.01.02"]
[Round "10"]
[White "FairChess_on_YouTube"]
[Black "LawrenceTrent"]
[Result "1-0"]
[WhiteElo "2735"]
[BlackElo "2394"]
[TimeControl "180+2"]
[EndTime "15:05:40 PST"]
[Termination "FairChess_on_YouTube won by resignation"]

1. Nc3 d5 2. f4 d4 3. Ne4 b6 4. Nf3 Bb7 5. Nf2 Nf6 6. g3 c5 7. Bg2 e6 8. O-O Nc6 9. Qe1 Be7 10. e4 dxe3 11. dxe3 O-O 12. e4 Nd4 13. Nxd4 Qd5 1-0

[Event "*** Titled Tuesday Blitz"]
[Site "Chess.com"]
[Date "2018.01.02"]
[Round "10"]
[White "DagurR"]
[Black "Vrolijk"]
[Result "1-0"]
[WhiteElo "2340"]
[BlackElo "2422"]
[TimeControl "180+2"]
[EndTime "15:06:17 PST"]
[Termination "DagurR won by resignation"]

1. d4 d5 2. c4 c6 3. Nf3 Nf6 4. Nc3 e6 5. Bg5 h6 6. Bxf6 Qxf6 7. e3 g6 8. Bd3 Bg7 9. O-O O-O 10. Re1 Nd7 11. Rc1 dxc4 12. Bxc4 e5 13. d5 Nb6 14. Bb3 Bg4 15. e4 Rfd8 16. Re3 h5 17. h3 Bd7 18. Rd3 c5 19. Nd2 Bb5 20. Rf3 Bh6 1-0

[Event "*** Titled Tuesday Blitz"]
[Site "Chess.com"]
[Date "2018.01.02"]
[Round "10"]
[White "Colombiano07"]
[Black "inegrepus"]
[Result "1-0"]
[WhiteElo "2217"]
[BlackElo "2140"]
[TimeControl "180+2"]
[EndTime "15:06:49 PST"]
[Termination "Colombiano07 won by resignation"]

1. e4 c5 2. Nf3 Nc6 3. g3 e5 4. Bg2 d6 5. O-O Nf6 6. c3 Nxe4 7. d4 cxd4 8. cxd4 Bg4 9. d5 Nd4 10. Qa4+ Qd7 11. Qxd7+ Bxd7 12. Nxd4 Nxf2 13. Rxf2 exd4 14.
Re2+ Kd8 15. Bg5+ f6 16. Bf4 g5 17. Bd2 f5 18. Na3 Bg7 19. Bxg5+ Kc8 20. Rc1+ 1-0

[Event "*** Titled Tuesday Blitz"]
[Site "Chess.com"]
[Date "2018.01.02"]
[Round "10"]
[White "chesstatour"]
[Black "BillForster"]
[Result "1-0"]
[WhiteElo "2035"]
[BlackElo "1526"]
[TimeControl "180+2"]
[EndTime "15:07:30 PST"]
[Termination "chesstatour won by checkmate"]

1. c4 c6 2. e4 d5 3. exd5 cxd5 4. cxd5 Qxd5 5. Nc3 Qd8 6. Bc4 Nf6 7. Nf3 Bg4 8.
Bxf7+ Kxf7 9. Ne5+ Kg8 10. Nxg4 Nc6 11. Qb3+ e6 12. Qxe6# 1-0

[Event "*** Titled Tuesday Blitz"]
[Site "Chess.com"]
[Date "2018.01.02"]
[Round "10"]
[White "DrVelja"]
[Black "AljoschaFeuerstack"]
[Result "1-0"]
[WhiteElo "2545"]
[BlackElo "1908"]
[TimeControl "180+2"]
[EndTime "15:07:37 PST"]
[Termination "DrVelja won by resignation"]

1. e4 c5 2. Nf3 e6 3. d4 cxd4 4. Nxd4 Nf6 5. Nc3 Nc6 6. Nxc6 bxc6 7. e5 Nd5 8. Ne4 Qc7 9. f4 Qb6 10. c4 Ne3 11. Qd3 Bb4+ 12. Ke2 Nxc4 13. Kf3 Ba6 14. Qc2 f5 15. exf6 d5 16. fxg7 dxe4+ 17. Qxe4 1-0

[Event "*** Titled Tuesday Blitz"]
[Site "Chess.com"]
[Date "2018.01.02"]
[Round "10"]
[White "ftorodent"]
[Black "Msb2"]
[Result "0-1"]
[WhiteElo "2523"]
[BlackElo "2734"]
[TimeControl "180+2"]
[EndTime "15:08:34 PST"]
[Termination "Msb2 won by resignation"]

1. d4 Nf6 2. c4 c5 3. d5 b5 4. cxb5 a6 5. bxa6 g6 6. Nc3 Bg7 7. e4 O-O 8. Be2 Qa5 9. Bd2 Bxa6 10. Nf3 Qb4 11. e5 Ng4 12. Nb5 Qe4 13. O-O Bxb5 14. Bxb5 Nxe5 15. Nxe5 Bxe5 16. Bh6 Qh4 0-1

[Event "*** Titled Tuesday Blitz"]
[Site "Chess.com"]
[Date "2018.01.02"]
[Round "10"]
[White "timator"]
[Black "asms9699"]
[Result "1/2-1/2"]
[WhiteElo "2339"]
[BlackElo "2501"]
[TimeControl "180+2"]
[EndTime "15:09:45 PST"]
[Termination "Game drawn by repetition"]

1. Nf3 d5 2. g3 Nf6 3. Bg2 c5 4. O-O Nc6 5. d4 e6 6. c4 dxc4 7. Qa4 Bd7 8. Qxc4 cxd4 9. Nxd4 Rc8 10.
Nc3 Nxd4 11. Qxd4 Bc5 12. Qh4 O-O 13. Bg5 h6 14. Bxf6 Qxf6 15. Qxf6 gxf6 16. Bxb7 Rb8 17. Bg2 Rxb2 18. Rab1 Rfb8 19. Rxb2 Rxb2 20. Rd1 Rc2 21. Rxd7 Rxc3 22. Be4 f5 23. Bd3 Kg7 24. Kg2 Kf6 25.
Rb7 Bb6 26. a4 Ra3 27. Bb5 Ra2 28. h4 Bc5 29. Rc7 Bb6 30. Rb7 Bc5 31. Rc7 Bb6 32. Rb7 Bc5 33. Rc7 Bb6 34. Rb7 1/2-1/2

[Event "*** Titled Tuesday Blitz"]
[Site "Chess.com"]
[Date "2018.01.02"]
[Round "10"]
[White "Laico"]
[Black "DrZeiss"]
[Result "1-0"]
[WhiteElo "2166"]
[BlackElo "2167"]
[TimeControl "180+2"]
[EndTime "15:09:57 PST"]
[Termination "Laico won on time"]

1. e4 c5 2. Nc3 Nc6 3. f4 g6 4. Nf3 Bg7 5. Bb5 Nd4 6. O-O Nxb5 7. Nxb5 d5 8. exd5 a6 9. Nc3 Nf6 10. d4 Nxd5 11. dxc5 Nxc3 12. Qxd8+ Kxd8 13. bxc3 Bxc3 14. Rb1 Kc7 15. Rb3 Bf6 16. Bd2 a5 17. Rb5 a4 18. Rfb1 Ra7 19. Ba5+ Kc6 20. Rb6+ Kd5 21.
Be1 Bf5 22. Rd1+ Kc4 23. c3 Rc8 24. Rb4+ Kxc5 25. Bf2+ Kc6 26. Bxa7 1-0

[Event "*** Titled Tuesday Blitz"]
[Site "Chess.com"]
[Date "2018.01.02"]
[Round "10"]
[White "TijanaBlagojevic"]
[Black "PowerThinking2650"]
[Result "1-0"]
[WhiteElo "2378"]
[BlackElo "2187"]
[TimeControl "180+2"]
[EndTime "15:10:14 PST"]
[Termination "TijanaBlagojevic won by resignation"]

1. e4 e5 2. Nf3 Nc6 3. Nc3 Nf6 4. d4 exd4 5. Nxd4 Bb4 6. Nxc6 bxc6 7. Be2 Nxe4 8. O-O Nxc3 9. bxc3 Bxc3 10. Rb1 O-O 11.
Bd3 d5 12. Bxh7+ Kxh7 13. Qd3+ Kg8 14. Qxc3 Ba6 15. Re1 Bc4 16. Bb2 f6 17. a4 Qd7 18.
Ba3 Rfe8 19. Bc5 a6 20. a5 Bb5 21. Qd4 Qf5 22. f3 Re5 23. Re3 Rae8 24. Rbe1 Qxc2 25.
Rxe5 fxe5 26. Qe3 d4 27. Bxd4 c5 28. Bxe5 Qf5 29. Qxc5 c6 30. Qd4 Qg6 31. Re4 Qf7 32. Rg4 1-0

[Event "*** Titled Tuesday Blitz"]
[Site "Chess.com"]
[Date "2018.01.02"]
[Round "10"]
[White "SanQui14"]
[Black "CookiesAndIceCream"]
[Result "1-0"]
[WhiteElo "2190"]
[BlackElo "2084"]
[TimeControl "180+2"]
[EndTime "15:10:21 PST"]
[Termination "SanQui14 won by checkmate"]

1. d4 d5 2. c4 c6 3. Nf3 Nf6 4. e3 e6 5. Be2 Nbd7 6. O-O Bd6 7.
Nc3 O-O 8. b3 e5 9. Bb2 e4 10.
Nd2 Re8 11. Qc2 Nf8 12. Rac1 Ng6 13. cxd5 cxd5 14. Nb5 Bg4 15. Nb1 Rc8 16. Qd2 Bb8 17.
Ba3 Rxc1 18. Rxc1 a6 19. N5c3 Qc7 20. g3 Qd7 21. Na4 Qf5 22. Bf1 Bf3 23. Nb6 Ng4 24. Rc5 Qh5 25. h3 Nf6 26. Nc3 Rd8 27. Ncxd5 Nxd5 28. Nxd5 Rxd5 29. Rc8+ Nf8 30. Rxf8# 1-0

[Event "*** Titled Tuesday Blitz"]
[Site "Chess.com"]
[Date "2018.01.02"]
[Round "10"]
[White "angieflynn"]
[Black "Maili15"]
[Result "0-1"]
[WhiteElo "1789"]
[BlackElo "2268"]
[TimeControl "180+2"]
[EndTime "15:10:25 PST"]
[Termination "Maili15 won by resignation"]

1. d4 d5 2. Bf4 Nf6 3. Nf3 e6 4.
e3 Be7 5. Nbd2 O-O 6. Bd3 c5 7. c3 b6 8. O-O Ba6 9. Qe2 Bxd3 10. Qxd3 Nbd7 11. Ne5 Nxe5 12. dxe5 Nd7 13. h3 Qc7 14.
Nf3 Rab8 15. a4 c4 16. Qc2 Nc5 17. Bh2 a6 18. Nd4 b5 19. axb5 axb5 20. Ra2 b4 21. cxb4 Rxb4 22. Rfa1 Rfb8 23. Ra7 R4b7 24. Nb5 Qb6 25.
Rxb7 Qxb7 26. Nd6 Qxb2 27. Qxb2 Rxb2 28. Ra8+ Bf8 29. g4 c3 30. Nc8 Rb7 31. Ra3 c2 32.
Rc3 Rb1+ 0-1

[Event "*** Titled Tuesday Blitz"]
[Site "Chess.com"]
[Date "2018.01.02"]
[Round "10"]
[White "abruptum"]
[Black "arna"]
[Result "1-0"]
[WhiteElo "2309"]
[BlackElo "2099"]
[TimeControl "180+2"]
[EndTime "15:10:29 PST"]
[Termination "abruptum won on time"]

1. d4 d5 2. c4 e6 3. Nc3 Be7 4. Nf3 Nf6 5. g4 c5 6. g5 Ne4 7.
Qc2 cxd4 8. Nxe4 dxe4 9. Qxe4 Nc6 10. h4 Bb4+ 11. Bd2 Bxd2+ 12. Nxd2 Qa5 13. Bg2 h6 14. g6 f5 15. Qc2 e5 16. O-O Be6 17. Bd5 Bxd5 18. cxd5 Qxd5 19. Qxf5 Rf8 20. Qe4 Qxe4 21. Nxe4 Rf4 22. f3 Rxh4 23. Kg2 Ke7 24. Kg3 Rf4 25. Rfc1 Rd8 26. Nc5 Rb8 27. Nd3 Rf6 28.
Rc5 Rxg6+ 29. Kf2 Kd6 30. Rac1 Rf6 31. b4 e4 32. Ne1 1-0

[Event "*** Titled Tuesday Blitz"]
[Site "Chess.com"]
[Date "2018.01.02"]
[Round "10"]
[White "littleozy"]
[Black "GM_Huschenbeth"]
[Result "0-1"]
[WhiteElo "2392"]
[BlackElo "2479"]
[TimeControl "180+2"]
[EndTime "15:10:40 PST"]
[Termination "GM_Huschenbeth won by resignation"]

1. d4 d5 2. c4 dxc4 3. e3 e5 4. Bxc4 exd4 5. Nf3 Nc6 6. O-O Bd6 7. exd4 Bf5 8. Qb3 Bg6 9. Qxb7 Nge7 10. d5 Rb8 11. Qa6 Nb4 12. Bb5+ Kf8 13. Qa4 a6 14.
Be2 Nc2 15. Nh4 Nxa1 16. Nxg6+ hxg6 17. Nc3 Bxh2+ 18. Kh1 Bg3+ 19. Kg1 Bh2+ 20. Kh1 Rb4 21. Qxa6 Rbh4 22. g3 Bxg3+ 23. Kg2 Bd6 24. Bg5 Rh2+ 25.
Kf3 R8h3+ 26. Ke4 Nc2 27. Bg4 f5+ 0-1

[Event "*** Titled Tuesday Blitz"]
[Site "Chess.com"]
[Date "2018.01.02"]
[Round "10"]
[White "colemman"]
[Black "Babbelbox"]
[Result "1-0"]
[WhiteElo "2434"]
[BlackElo "2430"]
[TimeControl "180+2"]
[EndTime "15:10:57 PST"]
[Termination "colemman won by resignation"]

1. d4 Nf6 2. Nf3 e6 3. Nbd2 d5 4. e3 Bd6 5. Bd3 O-O 6. O-O a6 7. e4 dxe4 8. Nxe4 Be7 9. Qe2 Nbd7 10. Bg5 Rb8 11. Rfe1 b6 12. Nxf6+ Nxf6 13. Bxa6 Bxa6 14.
Qxa6 Qd5 15. Re5 Qc6 16. Qe2 Ra8 17. c3 Ra4 18. a3 Rd8 19. Re1 Ra5 20. Re3 h6 21.
Ne5 Qa8 22. Bxf6 Bxf6 23. Qh5 Bxe5 24. Rxe5 Rxe5 25. Rxe5 Qa4 26. Qe2 Qb3 27. Rb5 Qa2 28. g3 Qa1+ 29. Kg2 Qb1 30. h4 Qc1 31. Re5 Qb1 32. Re4 Qc1 33. Rg4 Rd5 34. Re4 Qb1 35.
Rxe6 fxe6 36. Qxe6+ Kh8 37. Qxd5 Qxb2 38. Qd8+ Kh7 39. Qxc7 Qxa3 40. d5 1-0

[Event "*** Titled Tuesday Blitz"]
[Site "Chess.com"]
[Date "2018.01.02"]
[Round "10"]
[White "capatl"]
[Black "Keaton87"]
[Result "1-0"]
[WhiteElo "2401"]
[BlackElo "2507"]
[TimeControl "180+2"]
[EndTime "15:10:58 PST"]
[Termination "capatl won by resignation"]

1. c4 e6 2. Nc3 d5 3. cxd5 exd5 4. d4 Be7 5. Nf3 c6 6. Bf4 Nf6 7. e3 Bd6 8. Bxd6 Qxd6 9. Bd3 Bg4 10. Qb3 Qc7 11. Ne5 Bh5 12. Rc1 Qb6 13. Qa3 Nbd7 14. f4 Nxe5 15. fxe5 Nd7 16. O-O Nxe5 17. Na4 Qc7 18.
dxe5 Qxe5 19. Bf5 Bg6 20. Qc3 Qxc3 21. Rxc3 Ke7 22. Nc5 Rab8 23. e4 d4 24. Rd3 b6 25.
Nb3 c5 26. Nd2 Rhd8 27. b3 b5 28. Rdf3 Rf8 29. Bxg6 hxg6 30. Kf2 f6 31. Ke2 Rh8 32.
h3 Ke6 33. Kd3 Rhc8 34. Rc1 Rc6 35. Rg3 g5 36. h4 gxh4 37. Rxg7 a6 38. Nf3 Rh8 39.
Nxd4+ 1-0

[Event "*** Titled Tuesday Blitz"]
[Site "Chess.com"]
[Date "2018.01.02"]
[Round "10"]
[White "geeeeri"]
[Black "Marcus_Harvey"]
[Result "0-1"]
[WhiteElo "2407"]
[BlackElo "2545"]
[TimeControl "180+2"]
[EndTime "15:11:00 PST"]
[Termination "Marcus_Harvey won by resignation"]

1. e4 e6 2. d3 c5 3. Nd2 Nc6 4. Ngf3 d6 5. g3 Nge7 6. Bg2 g6 7. O-O Bg7 8. Re1 O-O 9. h4 h6 10. Nf1 e5 11. N1h2 Be6 12. c3 Qd7 13. Be3 f5 14. Qd2 Kh7 15. h5 g5 16. Bxg5 hxg5 17. Nxg5+ Kg8 18. f4 exf4 19. gxf4 fxe4 20. dxe4 Rad8 21.
f5 Bf7 22. Nxf7 Rxf7 23. Qg5 Kh7 24. Ng4 Ne5 25. Ne3 Bh6 26. Qh4 Rg8 27. Kh1 Nd3 28.
f6 Nxe1 29. Bh3 Nf3 30. Bxd7 Nxh4 0-1

[Event "*** Titled Tuesday Blitz"]
[Site "Chess.com"]
[Date "2018.01.02"]
[Round "10"]
[White "juniortay"]
[Black "AndrewMcStone"]
[Result "1-0"]
[WhiteElo "2296"]
[BlackElo "2058"]
[TimeControl "180+2"]
[EndTime "15:11:13 PST"]
[Termination "juniortay won by resignation"]

1. e4 Nc6 2. Nf3 d6 3. h3 Nf6 4. Nc3 g6 5. d4 Bg7 6. Be3 O-O 7.
Qd2 e5 8. d5 Ne7 9. g4 c6 10.
Be2 cxd5 11. exd5 Qa5 12. Rd1 Bd7 13. O-O b5 14. b4 Qxb4 15. Rb1 Qa5 16. Nxb5 Qxd2 17.
Bxd2 Bxb5 18. Bxb5 Nfxd5 19. c4 Nc7 20. Ba4 e4 21.
Ng5 f5 22. Ba5 Rfc8 23. Rb7 Bf6 24. Nxe4 fxe4 25. Bxc7 d5 26. cxd5 Nxd5 27. Bb3 Kg7 1-0

[Event "*** Titled Tuesday Blitz"]
[Site "Chess.com"]
[Date "2018.01.02"]
[Round "10"]
[White "jposthuma"]
[Black "julinha97"]
[Result "1-0"]
[WhiteElo "2321"]
[BlackElo "2186"]
[TimeControl "180+2"]
[EndTime "15:11:22 PST"]
[Termination "jposthuma won by checkmate"]

1. d4 Nf6 2. c4 g6 3. Nc3 Bg7 4. e4 d6 5. f3 O-O 6. Be3 c6 7. Qd2 a6 8. c5 dxc5 9. dxc5 Qc7 10. O-O-O Nbd7 11. Bc4 Qa5 12. Nce2 Qxd2+ 13. Rxd2 Ne5 14. Bb3 Be6 15. Bxe6 fxe6 16. b3 Rfd8 17. Nd4 Kf7 18. Nh3 h6 19. Nf4 Rd7 20. Nfxe6 Bh8 21. Bxh6 Ng8 22.
Be3 Bf6 23. Rhd1 Ke8 24. g3 Kf7 25. f4 Ng4 26. Bg1 Ke8 27. e5 Bh8 28. h3 N4h6 29. g4 a5 30. Nf3 Rxd2 31. Rxd2 Rc8 32. Nh4 Nf7 33. Nxg6 Bg7 34. Nxg7# 1-0

[Event "*** Titled Tuesday Blitz"]
[Site "Chess.com"]
[Date "2018.01.02"]
[Round "10"]
[White "viktorskliarov"]
[Black "Tonychess32"]
[Result "0-1"]
[WhiteElo "2426"]
[BlackElo "2437"]
[TimeControl "180+2"]
[EndTime "15:11:25 PST"]
[Termination "Tonychess32 won by resignation"]

1. e4 e5 2. Nc3 Nc6 3. Bc4 Nf6 4. d3 Bc5 5. h3 d6 6. a3 O-O 7. Nge2 a6 8. Ng3 Be6 9. Nd5 Bxd5 10. exd5 Ne7 11.
Qf3 Ng6 12. Bg5 h6 13. Bxf6 Qxf6 14. Qxf6 gxf6 15. Nf5 Kh7 16. g3 Rfe8 17. O-O Ne7 18. Nxe7 Rxe7 19. Rfe1 b5 20. Bb3 Ree8 21. c3 Rg8 22.
Kg2 f5 23. Bc2 Kg7 24. Kf3 Kf6 25. b4 Bb6 26. a4 a5 27. axb5 axb4 28. cxb4 Rab8 29. Ra6 h5 30. Rc1 h4 31. g4 fxg4+ 32.
hxg4 Kg5 33. Rh1 Rh8 34. Rh3 Rh6 35. d4 Bxd4 36. Rc6 Rxb5 37. Rxc7 Rf6+ 38. Bf5 Rxb4 39. Rc8 Rb3+ 40. Kg2 Rb2 41. Rg8+ Rg6 42. Bxg6 Rxf2+ 43. Kh1 fxg6 44. Rh8 e4 45. Re8 e3 46. Rhxe3 Bxe3 47.
Rxe3 Kxg4 48. Re6 g5 49. Rxd6 Kg3 50. Kg1 h3 51. Rh6 h2+ 52. Rxh2 Rxh2 53. d6 Rd2 0-1

[Event "*** Titled Tuesday Blitz"]
[Site "Chess.com"]
[Date "2018.01.02"]
[Round "10"]
[White "Slmctk"]
[Black "evgenysharapov"]
[Result "1-0"]
[WhiteElo "2379"]
[BlackElo "2373"]
[TimeControl "180+2"]
[EndTime "15:11:38 PST"]
[Termination "Slmctk won by resignation"]

1. d4 d5 2. Nf3 Nf6 3. c4 c6 4.
Nc3 e6 5. e3 Nbd7 6. Qc2 Bd6 7.
b3 O-O 8. Bd3 e5 9. cxd5 cxd5 10. Nb5 Bb4+ 11. Bd2 Bxd2+ 12. Nxd2 exd4 13. Nxd4 Ne5 14. O-O Be6 15. Be2 Rc8 16. Qb2 Qb6 17. Rac1 a6 18. N2f3 Nxf3+ 19. Bxf3 h6 20. h3 Rfd8 21. Rfd1 a5 22. Qd2 Qb4 23. Qxb4 axb4 24. Nc2 Ne4 25.
Bxe4 dxe4 26. Rxd8+ Rxd8 27. Nxb4 Rd7 28. Rc5 f5 29.
Rb5 Kf7 30. Nc2 Rc7 31. Nd4 Bd7 32. Rb6 Ke7 33. h4 g5 34. Rxh6 gxh4 35. Rxh4 Rc1+ 36. Kh2 Ra1 37. a4 Ra2 38. Kg3 Kf6 39. Rh7 Be8 40. Rxb7 1-0

[Event "*** Titled Tuesday Blitz"]
[Site "Chess.com"]
[Date "2018.01.02"]
[Round "10"]
[White "MatthewG-p4p"]
[Black "ChristopherYoo"]
[Result "0-1"]
[WhiteElo "2586"]
[BlackElo "2324"]
[TimeControl "180+2"]
[EndTime "15:11:41 PST"]
[Termination "ChristopherYoo won by resignation"]

1. c4 Nf6 2. Nc3 d5 3. cxd5 Nxd5 4. g3 g6 5. Bg2 Nb6 6. d3 Bg7 7. Be3 O-O 8. Rc1 c6 9. Nf3 Nd5 10. Bd2 Nxc3 11. bxc3 c5 12. O-O Nd7 13. Qb3 Qc7 14. Bg5 Nb6 15. Nd2 h6 16. Bf4 e5 17. Be3 Be6 18. Qb5 Rfc8 19. c4 a6 20. Qa5 Rab8 21. Rb1 Nd7 22. Qxc7 Rxc7 23. a4 f5 24. f4 Kh7 25.
fxe5 Bxe5 26. Nb3 b5 27. axb5 axb5 28. Na5 bxc4 29. Nxc4 Rxb1 30. Rxb1 Bxc4 31. dxc4 Bd4 32. Kf2 Ne5 33. Bxd4 cxd4 34. Bd5 Ng4+ 35. Kf3 Ne3 36. Kf4 Nxc4 37. Rc1 g5+ 38. Kxf5 Ne3+ 39. Kf6 Rxc1 40.
Be4+ Kh8 41. Ke5 Re1 42. Bd3 Ng4+ 43. Kxd4 Nxh2 44. e4 Nf3+ 45. Kd5 g4 46. Ba6 h5 47. Bc8 Kg7 48. Bd7 Kf6 49. Be8 Kg5 50. Bd7 h4 51. gxh4+ Kxh4 52. e5 Rxe5+ 0-1

[Event "*** Titled Tuesday Blitz"]
[Site "Chess.com"]
[Date "2018.01.02"]
[Round "10"]
[White "Blitzstream"]
[Black "Zufi1811"]
[Result "0-1"]
[WhiteElo "2492"]
[BlackElo "2422"]
[TimeControl "180+2"]
[EndTime "15:11:41 PST"]
[Termination "Zufi1811 won by resignation"]

1. e4 c5 2. Nf3 d6 3. b4 b6 4.
bxc5 bxc5 5. Nc3 g6 6. e5 Bg7 7. exd6 exd6 8. Bc4 Ne7 9. Bxf7+ Kxf7 10. Ng5+ Kg8 11. Qf3 Qe8 12. Qxa8 Nec6+ 13. Kf1 Ba6+ 14.
d3 Bxc3 15. Bb2 Bxb2 16. Re1 Qc8 17. h4 Bb7 18. Re8+ Qxe8 19. Qxb7 h6 20. Qb3+ Kf8 21. Qxb2 Nd4 22. Ne4 Nbc6 23. Rh3 Kg7 24. Nxd6 Qe2+ 25.
Kg1 Qe1+ 26. Kh2 Qe5+ 27. Rg3 Qxd6 28. h5 Rf8 29. Qb7+ Rf7 30. Qa8 Ne2 31. f4 Qxf4 0-1

[Event "*** Titled Tuesday Blitz"]
[Site "Chess.com"]
[Date "2018.01.02"]
[Round "10"]
[White "Jbd735"]
[Black "Kawhi_Leonard2"]
[Result "1/2-1/2"]
[WhiteElo "2293"]
[BlackElo "2187"]
[TimeControl "180+2"]
[EndTime "15:11:42 PST"]
[Termination "Game drawn by repetition"]

1. e4 c5 2. Nf3 d6 3. d4 cxd4 4. Nxd4 Nf6 5. Nc3 g6 6. Be3 Bg7 7. f3 Nc6 8. Bc4 O-O 9. Qd2 Bd7 10. O-O-O Rc8 11. Bb3 Nxd4 12. Bxd4 b5 13. Nd5 Nxd5 14.
Bxg7 Kxg7 15. exd5 a5 16. a3 Kg8 17. g4 b4 18. a4 Qe8 19. Kb1 Bxa4 20. h4 Bxb3 21. cxb3 e5 22. h5 f6 23. hxg6 Qxg6+ 24. Ka2 Rc2 25.
Qe3 Rc5 26. Rh6 Qc2 27. Rd2 Qc1 28. Qd3 Rf7 29. Rdh2 Rcc7 30. Qg6+ Kh8 31. Rxh7+ Rxh7 32. Qxf6+ Rg7 33. Qf8+ Rg8 34. Qf6+ Rg7 35. Qd8+ Rg8 36. Qf6+ Rg7 37. Qf8+ Rg8 38. Qf6+ Rg7 1/2-1/2

[Event "*** Titled Tuesday Blitz"]
[Site "Chess.com"]
[Date "2018.01.02"]
[Round "10"]
[White "JammyDodger91"]
[Black "IamSchrodingersCat"]
[Result "1-0"]
[WhiteElo "2381"]
[BlackElo "2372"]
[TimeControl "180+2"]
[EndTime "15:11:55 PST"]
[Termination "JammyDodger91 won by resignation"]

1. e4 c5 2. d4 cxd4 3. c3 dxc3 4.
Nxc3 Nc6 5. Nf3 e6 6. Bc4 d6 7. O-O Nf6 8. Qe2 Qc7 9. Bf4 a6 10. Rac1 Ng4 11. Bb3 Qb8 12. Nd5 Be7 13. Nb6 Ra7 14.
Be3 Nxe3 15. Qxe3 Ra8 16. Nxa8 Qxa8 17. Nd4 O-O 18. Nxc6 bxc6 19. Ba4 c5 20. e5 d5 21.
Rxc5 Bxc5 22. Qxc5 Qb8 23. Qd4 Qc7 24. h4 Bd7 25.
Bxd7 Qxd7 26. Rc1 Rc8 27. Rc5 h6 28. h5 Rxc5 29. Qxc5 Qb5 30. Qxb5 axb5 31. Kf1 Kf8 32. Ke2 Ke7 33. Kd3 Kd7 34. Kd4 Kc6 35. f4 b4 36. g4 Kb6 37. f5 exf5 38. gxf5 Kc6 39.
a4 bxa3 40. bxa3 1-0

[Event "*** Titled Tuesday Blitz"]
[Site "Chess.com"]
[Date "2018.01.02"]
[Round "10"]
[White "AndrewDGreen"]
[Black "51616516516"]
[Result "0-1"]
[WhiteElo "2110"]
[BlackElo "2098"]
[TimeControl "180+2"]
[EndTime "15:12:00 PST"]
[Termination "51616516516 won by resignation"]

1. d4 Nf6 2. Nf3 g6 3. Nc3 d5 4. Bf4 Bg7 5. e3 O-O 6. Be2 Nh5 7. Bg5 h6 8. Bh4 g5 9. g4 Nf6 10. Bg3 Bxg4 11. h4 Ne4 12. Nxe4 dxe4 13. Ne5 Bxe2 14.
Qxe2 f6 15. Qc4+ Kh7 16. Ng4 c6 17. hxg5 fxg5 18. Qe6 Rf6 19. Nxf6+ exf6 20. Qxe4+ Kg8 21. O-O-O Na6 22. Qe6+ Kh7 23. Qf5+ Kg8 24. e4 Qe7 25. d5 cxd5 26. exd5 Rd8 27. d6 Qd7 28. Rhe1 Qxf5 29. d7 Rxd7 30. Re8+ Kh7 31. Rde1 Nb4 32. R8e2 Re7 33.
a3 Rxe2 34. Rxe2 Nd5 35. c4 Nf4 36. Rd2 h5 37. b4 h4 38. Bh2 Qh3 39. f3 Qf1+ 40.
Kc2 Qxc4+ 41. Kb2 f5+ 42. Kb1 Nd3 43. Rc2 Qb3+ 0-1